 Dungeon Crawl Stone Soup version 0.29-a0-563-g64e4043184 (webtiles) character file.

Game seed: 18203387024245516320

158 xian the Conjurer (level 5, -3/29 HPs)
             Began as a Tengu Conjurer on June 11, 2022.
             Slain by Edmund
             ... wielding a +2 flail of protection
              (5 damage)
             ... on level 4 of the Dungeon.
             The game lasted 00:07:32 (3590 turns).

xian the Conjurer (Tengu Conjurer)                  Turns: 3590, Time: 00:07:32

Health: -3/29      AC:  7    Str:  8    XL:     5   Next: 39%
Magic:  6/9        EV: 14    Int: 20    God:
Gold:   131        SH:  0    Dex: 12    Spells: 5/8 levels left

rFire   + . .      SeeInvis .   e - +4 hand axe (vamp)
rCold   + . .      Faith    .   (no shield)
rNeg    . . .      Spirit   .   n - +3 leather armour
rPois   .          Reflect  .   (helmet restricted)
rElec   .          Harm     .   v - scarf {rC+ rF+}
rCorr   .          Rampage  .   t - +0 pair of gloves
Will    .....                   (boots unavailable)
Stlth   ++........              (no amulet)
HPRegen 0.09/turn               (no ring)
MPRegen 0.11/turn               (no ring)

@: flying quickly and evasively, very slightly contaminated, quick
A: beak, talons 3, nimble flight
a: no special abilities


You were on level 4 of the Dungeon.
You visited 1 branch of the dungeon, and saw 4 of its levels.

You collected 131 gold pieces.

Inventory:

Hand Weapons
 e - a +4 vampiric hand axe (weapon)
Missiles
 o - 3 atropa-tipped darts
Armour
 a - a +0 robe
 j - a +1 cloak
 n - a +3 leather armour (worn)
 t - a +0 pair of gloves (worn)
 v - a scarf of resistance (worn)
Jewellery
 u - a ring of protection from fire
Scrolls
 c - 3 scrolls of teleportation
 f - a scroll of poison {unknown}
 k - a scroll of fear {unknown}
 l - 2 scrolls of vulnerability {unknown}
 r - a scroll of magic mapping {unknown}
 s - a scroll of summoning {unknown}
Potions
 d - a potion of cancellation {unknown}
 g - a potion of invisibility {unknown}
 h - a potion of curing {unknown}
 i - 3 potions of heal wounds
 m - a potion of might
 p - 2 potions of attraction
 q - a potion of lignification {unknown}
 w - 2 potions of haste {unknown}


   Skills:
 + Level 1.1 Fighting
 + Level 2.1 Axes
 + Level 1.5 Armour
 + Level 2.6 Dodging
 + Level 2.7 Stealth
 + Level 2.3 Spellcasting
 + Level 6.4 Conjurations


You had 5 spell levels left.
You knew the following spells:

 Your Spells              Type           Power      Damage    Failure   Level
a - Magic Dart            Conj           100%       1d8       1%          1
b - Searing Ray           Conj           56%        2d6       2%          2

Your spell library contained the following spells:

 Spells                   Type           Power      Damage    Failure   Level
 Dazzling Flash           Conj/Hex       30%        N/A       17%         3
 Mephitic Cloud           Conj/Pois/Air  11%        N/A       26%         3
 Fulminant Prism          Conj/Hex       7%         3d7       50%         4
 Iskenderun's Mystic Bla  Conj/Tloc      15%        2d5       50%         4
 Ignite Poison            Fire/Tmut/Pois 2%         N/A       54%         3
 Cause Fear               Hex            1%         N/A       91%         4
 Freezing Cloud           Conj/Ice/Air   5%         6-21      94%         5
 Dragon Form              Tmut           1%         N/A       100%        7
 Dragon's Call            Summ           1%         N/A       100%        9


Dungeon Overview and Level Annotations

Branches:
Dungeon (4/15)
 Temple: D:4-7

Altars:

Shops:
D:1 (

Annotations:
D:4 Edmund


Innate Abilities, Weirdness & Mutations

You have a beak for a mouth.
You have claws for feet.
Your magical nature lets you fly swiftly and evasively.


Message History

The searing ray hits Edmund!
Edmund is heavily wounded.
The searing ray hits Edmund but does no damage.
Edmund is heavily wounded.
You finish channelling your searing ray.
Edmund barely misses you.
Edmund hits you with a +2 flail of protection!
Casting: Searing Ray (safe; 2% risk of failure)
Confirm with . or Enter, or press ? or * to list all spells.
Aiming: Searing Ray (safe; 2% risk of failure)
Press: ? - help, Shift-Dir - straight line, f/p - Edmund
Aim: Edmund, wielding a +2 flail of protection and wearing a +0 leather armour (heavily wounded, 79% to hit)
You miscast Searing Ray.
You are very lightly contaminated with residual magic.
Nothing appears to happen.
Edmund hits you but does no damage.
Casting: Searing Ray (safe; 2% risk of failure)
Confirm with . or Enter, or press ? or * to list all spells.
Aiming: Searing Ray (safe; 2% risk of failure)
Press: ? - help, Shift-Dir - straight line, f/p - Edmund
Aim: Edmund, wielding a +2 flail of protection and wearing a +0 leather armour (heavily wounded, 79% to hit)
The searing ray misses Edmund. (Press . to maintain the ray.) Edmund hits you with a +2 flail of protection.
Magic courses through your body. Edmund hits you but does no damage.
Casting: Searing Ray (safe; 2% risk of failure)
Confirm with . or Enter, or press ? or * to list all spells.
Aiming: Searing Ray (safe; 2% risk of failure)
Press: ? - help, Shift-Dir - straight line, f/p - Edmund
Aim: Edmund, wielding a +2 flail of protection and wearing a +0 leather armour (heavily wounded, 79% to hit)
The searing ray misses Edmund. (Press . to maintain the ray.) Edmund hits you with a +2 flail of protection.
The searing ray hits Edmund.
Edmund is severely wounded.
Edmund hits you with a +2 flail of protection!
* * * LOW HITPOINT WARNING * * *
The searing ray hits Edmund.
Edmund is severely wounded.
Edmund hits you with a +2 flail of protection.
You die...

.......##.##.##.####
######..#.##.......#
#....#####.##.###
#.##.#####......#
#.##...........##
#.############.##
#.. ..........<.#
#.# #######.#..##
#.. #@#..# #. #@#..#
#.#..# #.#..# #.#..#
..#..# ####.# ###


You could see Edmund.

Vanquished Creatures
  A jelly (D:3)
  6 adders
  4 worms (D:2)
  4 dart slugs
  An orc (D:3)
  6 endoplasms
  3 giant cockroaches
  3 hobgoblins
  2 quokkas (D:2)
  4 ball pythons
  6 bats
  3 frilled lizards (D:1)
  6 goblins
  3 kobolds
  A rat (D:1)
53 creatures vanquished.

Vanquished Creatures (others)
  A fungus (D:1)
  4 plants (D:1)
5 creatures vanquished.

Grand Total: 58 creatures vanquished

Notes
Turn   | Place    | Note
-------+----------+-------------------------------------------
     0 | D:1      | xian the Tengu Conjurer began the quest for the Orb.
     0 | D:1      | Reached XP level 1. HP: 10/10 MP: 4/4
   384 | D:1      | Found Turuul's Antique Weapon Shop.
   563 | D:1      | Reached XP level 2. HP: 15/15 MP: 6/6
  1057 | D:1      | Found a faded altar of an unknown god.
  1281 | D:2      | Reached skill level 6 in Conjurations
  1353 | D:2      | Reached XP level 3. HP: 9/19 MP: 7/7
  2123 | D:3      | Reached skill level 1 in Axes
  2123 | D:3      | Reached XP level 4. HP: 20/24 MP: 8/8
  2167 | D:3      | Reached skill level 1 in Fighting
  2471 | D:3      | Learned a level 2 spell: Searing Ray
  2558 | D:3      | Reached skill level 1 in Armour
  2623 | D:3      | Gained mutation: Your magical nature lets you fly swiftly
                  | and evasively. [Tengu growth]
  2623 | D:3      | Reached XP level 5. HP: 29/29 MP: 3/9
  3576 | D:4      | Noticed Edmund
  3589 | D:4      | HP: 1/29 [Edmund/+2 flail of protection (10)]
  3590 | D:4      | Slain by Edmund

Illustrated notes

Levels and vault maps discovered:
D:1:      erik_arrival_orb_chamber, layout_loops_cross,
          shapermc_ecumenical_altar_mp_urbaneastern, serial_shops,
          nicolae_shop_overgrown_old_shop,
          nicolae_concentric_dashed_squares_wild, kennysheep_small_spiral,
          amcnicky_mini_corridor_feature, roderic_lattice_a
D:2:      layout_basic, minmay_misc_feat_square, minmay_circle_x
D:3:      layout_loops_corners, minmay_bisected
D:4:      layout_basic, lemuel_tele_altar, hangedman_decor_push, uniq_edmund

Skill      XL: |  1  2  3  4  5 |
---------------+----------------+-----
Conjurations   | 6 |  6.4
Axes           | 1 2 |  2.1
Fighting       | 1 |  1.1
Armour         | 1 |  1.5
Dodging        | |  2.6
Stealth        | |  2.7
Spellcasting   | |  2.3

Action                   |  1- 3 |  4- 6 || total
-------------------------+-------+-------++-------
Melee: Hand axe          |    54 |    18 ||    72
       Peck              |     8 |     2 ||    10
       Kick              |    12 |     7 ||    19
       Punch             |     1 |       ||     1
 Cast: Magic Dart        |    16 |    31 ||    47
       Searing Ray       |       |     3 ||     3
  Use: Scroll            |     5 |       ||     5
       Potion            |       |     1 ||     1
 Stab: Sleeping          |     1 |     1 ||     2
Armor: Robe              |     9 |       ||     9
       Leather armour    |    17 |     7 ||    24
Dodge: Dodged            |    32 |    14 ||    46

Table legend: (Time is in decaauts)
 A = Elapsed time spent in this place.
 B = Non-inter-level travel time spent in this place.
 C = Inter-level travel time spent in this place.
 D = Time resting spent in this place.
 E = Time spent auto-exploring this place.
 F = Levels seen in this place.
 G = Mean time per level.
                   A        B        C        D        E       F      G
               +--------+--------+--------+--------+--------+-----+--------+
         Total |   3539 |   3489 |     50 |    160 |   2553 |   4 |  884.8 |
       Dungeon |   3539 |   3489 |     50 |    160 |   2553 |   4 |  884.8 |
               +--------+--------+--------+--------+--------+-----+--------+

Top non-repeatable levels by time:
     D:3: 1286 daAuts
     D:1: 1092 daAuts
     D:2: 1026 daAuts
     D:4: 133 daAuts
